 Seeded DCSS version 0.30.1-9-gdf580d7c3d (webtiles) character file.

Game seed: 9653795857935387885 (custom seed)

68 lonewolfV2 the Trooper (level 4, -1/41 HPs)
             Began as a Minotaur Fighter on Oct 17, 2023.
             Slain by a gnoll
             ... wielding a +0 halberd
              (6 damage)
             ... on level 3 of the Dungeon.
             The game lasted 00:03:24 (1861 turns).

lonewolfV2 the Trooper (Minotaur Fighter)           Turns: 1861, Time: 00:03:25

Health: -1/41      AC:  7    Str: 22    XL:     4   Next: 1%
Magic:  3/3        EV:  7    Int:  5    God:
Gold:   93         SH: 13    Dex: 10    Spells: 3/3 levels left

rFire   + . .        a - +0 war axe
rCold   . . .        h - +1 tower shield
rNeg    . . .        b - +0 scale mail
rPois   .            (helmet restricted)
rElec   .            (no cloak)
rCorr   .            (no gloves)
SInv    .            (no boots)
Will    .....        (no amulet) Stlth
                     e - ring of protection from fire
HPRegen 0.26/turn    (no ring)
MPRegen 0.08/turn

%: no passive effects
@: no status effects
A: horns 2, retaliatory headbutt
a: no special abilities


You were on level 3 of the Dungeon.
You visited 1 branch of the dungeon, and saw 3 of its levels.

You collected 93 gold pieces.

Inventory:

Hand Weapons
 a - a +0 war axe (weapon)
Armour
 b - a +0 scale mail (worn)
 c - a +0 buckler
 h - a +1 tower shield (worn)
Jewellery
 e - a ring of protection from fire (left hand)
Potions
 d - a potion of might
 f - a potion of cancellation {unknown}
 g - 2 potions of invisibility {unknown}
 j - 2 potions of degeneration
 k - a potion of magic
 l - 2 potions of mutation {unknown}
 n - a potion of brilliance {unknown}


   Skills:
 + Level 4.3 Fighting
 + Level 3.3 Axes
 + Level 4.3 Armour
 + Level 4.2 Shields


You had 3 spell levels left.
You didn't know any spells.
Your spell library contained the following spells:

 Spells                   Type           Power      Damage    Failure   Level
 Sting                    Tmut/Pois      0%         1d3       100%        1
 Poisonous Vapours        Pois/Air       0%         N/A       100%        2
 Olgreb's Toxic Radiance  Pois           0%         N/A       100%        4


Dungeon Overview and Level Annotations

Branches:
Dungeon (3/15)

Altars:

Shops:
D:1 =


Innate Abilities, Weirdness & Mutations

You have a pair of horns on your head.
You reflexively headbutt those who attack you in melee.


Message History

Done exploring.
Done exploring.
You climb downwards.
Found a stone staircase leading up.
There is a stone staircase leading up here.
Found a stone staircase leading up. 2 gnolls come into view.
The gnoll shouts! x2
A gnoll comes into view. It is wielding a +0 halberd.
There are monsters nearby!
There are monsters nearby!
The gnoll shouts!
You block the gnoll's attack.
You slash the gnoll!
The gnoll is heavily wounded.
The gnoll hits you from afar with a +0 halberd.
The gnoll hits you but does no damage.
You hit the gnoll.
The gnoll is severely wounded.
The gnoll hits you from afar with a +0 halberd.
The gnoll hits you with a +0 spear! The gnoll hits you with a +0 spear.
The gnoll hits you from afar with a +0 halberd.
You barely miss the gnoll.
The gnoll is severely wounded.
The gnoll hits you from afar with a +0 halberd!
* * * LOW HITPOINT WARNING * * *
The gnoll barely misses you.
You hit the gnoll. Your headbutt misses the gnoll.
The gnoll is almost dead.
The gnoll hits you from afar with a +0 halberd.
* * * LOW HITPOINT WARNING * * *
You block the gnoll's attack. The gnoll hits you but does no damage.
You block the gnoll's attack.
You barely miss the gnoll. You headbutt the gnoll.
You kill the gnoll!
You block the gnoll's attack.
You have reached level 4!
You feel agile. The gnoll hits you but does no damage.
The gnoll hits you with a +0 halberd.
You die...

.####.. ......
....# ...# ..# #.#
##.####.####.##..
.........@gg.....
##.####.####.###.
.....<#.#
#..#....###
..........# #
<.........##.##...
#..####...<.......
#. #...##.##.#. #
#...# ..


You could see 2 gnolls.

Vanquished Creatures
  A gnoll (D:3)
  A worm (D:2)
  2 dart slugs
  3 ball pythons
  3 bats
  6 endoplasms
  3 giant cockroaches
  5 goblins
  3 hobgoblins
  6 jackals
  3 kobolds
  2 quokkas
  2 frilled lizards
  3 rats
43 creatures vanquished.

Notes
Turn   | Place    | Note
-------+----------+-------------------------------------------
     0 | D:1      | lonewolfV2 the Minotaur Fighter began the quest for the
                  | Orb.
     0 | D:1      | Reached XP level 1. HP: 19/19 MP: 0/0
    70 | D:1      | Reached XP level 2. HP: 24/27 MP: 1/1
   376 | D:1      | Found Bidghon's Jewellery Shoppe.
   814 | D:1      | Reached XP level 3. HP: 33/33 MP: 2/2
  1861 | D:3      | Reached XP level 4. HP: 5/41 MP: 3/3
  1861 | D:3      | Slain by a gnoll

Illustrated notes

Levels and vault maps discovered:
D:1:      minmay_arrival_checkered_box, layout_basic, serial_shops, shop
D:2:      layout_basic, serial_glass, glass_columns_c, glass_columns_b
D:3:      layout_basic, gammafunk_ghost_stat_death, minmay_misc_feat_doors

Skill      XL: |  1  2 |
---------------+-------+-----
Armour         | 4 |  4.3
Fighting       | 4 |  4.3
Shields        | 4 |  4.2
Axes           | 3 |  3.3

Action                     |  1- 3 |  4- 6 || total
---------------------------+-------+-------++-------
  Melee: War axe           |    90 |       ||    90
         Headbutt          |    16 |       ||    16
    Use: Scroll            |     6 |       ||     6
 Armour: Scale mail        |    49 |     1 ||    50
  Dodge: Dodged            |    32 |       ||    32
  Block: Buckler           |     4 |       ||     4
         Tower shield      |    58 |       ||    58
